 Dungeon Crawl Stone Soup version 0.28-a0-1412-gf95308ed99 (webtiles) character file.

Game seed: 15222680075810781569

61 chunkyMonkey the Ruffian (level 4, -5/33 HPs)
             Began as a Formicid Transmuter on Jan 6, 2022.
             Slain by Grinder (7 damage)
             ... on level 3 of the Dungeon.
             The game lasted 00:03:30 (2979 turns).

chunkyMonkey the Ruffian (Formicid Transmuter)      Turns: 2979, Time: 00:03:30

Health: -5/33      AC:  7    Str: 17    XL:     4   Next: 27%
Magic:  5/7        EV: 11    Int: 12    God:
Gold:   101        SH:  0    Dex: 11    Spells: 2/8 levels left

rFire   . . .      SeeInvis +     - Unarmed
rCold   . . .      Faith    .   (no shield)
rNeg    . . .      Spirit   .   h - +0 leather armour
rPois   .          Reflect  .   (helmet unavailable)
rElec   .          Harm     .   (no cloak)
rCorr   .          Rampage  .   (no gloves)
Will    .....                   (boots currently unavailable)
Stlth   +.........              (no amulet)
HPRegen 0.11/turn               c - +4 ring of protection
MPRegen 0.10/turn               (no ring)

@: appendages
A: talons 2, permanent stasis, dig shafts and tunnels, antennae 3, four strong
arms
a: Dig, Shaft Self, End Transformation


You were on level 3 of the Dungeon.
You had temporarily grown beastly talons.
You visited 1 branch of the dungeon, and saw 4 of its levels.

You collected 101 gold pieces.

Inventory:

Armour
 a - a +0 robe
 f - a +0 scale mail
 h - a +0 leather armour (worn)
Jewellery
 c - a +4 ring of protection (left hand)
Scrolls
 d - a scroll of identify {unknown}
 e - a scroll of fog {unknown}
 g - a scroll of noise {unknown}
Potions
 b - a potion of curing {unknown}


   Skills:
 * Level 2.0 Fighting
 * Level 1.5 Armour
 - Level 2.0 Dodging
 * Level 3.4 Unarmed Combat
 + Level 2.5 Spellcasting
 * Level 2.8 Transmutations


You had 2 spell levels left.
You knew the following spells:

 Your Spells              Type           Power      Damage    Failure   Level
a - Beastly Appendage     Tmut           16%        N/A       10%         1
b - Wereblood             Tmut           8%         N/A       14%         2
c - Spider Form           Tmut/Pois      4%         N/A       45%         3

Your spell library contained the following spells:

 Spells                   Type           Power      Damage    Failure   Level
 Ice Form                 Ice/Tmut       4%         N/A       86%         4


Dungeon Overview and Level Annotations

Branches:
Dungeon (4/15)
 Temple: D:4-7

Altars:

Annotations:
D:2 Sigmund
D:3 Grinder


Innate Abilities, Weirdness & Mutations

You have temporarily grown beastly talons.
You cannot be hasted, slowed, berserked, paralysed or teleported.
You can dig through walls and to a lower floor.
You have a pair of large antennae on your head. (SInv)
Your four strong arms can wield two-handed weapons with a shield.


Message History

You punch the hobgoblin!
You kill the hobgoblin!
Grinder comes into view.
Your transformation is almost over.
Grinder shouts!
You see here a hobgoblin corpse.
Grinder gestures at you.
You barely resist.
You aren't carrying any items that you can evoke.
Unknown command.
Casting: Beastly Appendage (safe; 10% risk of failure)
Press: ? - help, Q - select action, (/) - cycle Dir - look around, f - activate
Okay, then.
You aren't carrying any items that you can evoke.
Unknown command.
Casting: Beastly Appendage (safe; 10% risk of failure)
Confirm with . or Enter, or press ? or * to list all spells.
You extend your transformation's duration.
Grinder gestures at you. You resist with significant effort.
Casting: Beastly Appendage (safe; 10% risk of failure)
Confirm with . or Enter, or press ? or * to list all spells.
You extend your transformation's duration.
Grinder gestures at you. You resist with significant effort. Grinder hits you!
You writhe in agony.
You hit Grinder but do no damage. Your kick misses Grinder.
Grinder gestures at you.
You barely resist. You barely miss Grinder. Your kick misses Grinder.
Grinder says, "Mostly I couldn't keep them alive."
Grinder hits you.
You writhe in agony.
You hit Grinder but do no damage. Grinder hits you.
You writhe in agony.
* * * LOW HITPOINT WARNING * * *
Grinder gestures at you. Pain shoots through your body!
* * * LOW HITPOINT WARNING * * *
There is an escape hatch in the floor here.
Grinder hits you!
You die...

#.........
#####.........
##########.............
#........'.............
+###...##.............
#..†.#.............
#....####..........
#....# #..........
#.@.#####..........
........5...............
........................
..........##............
..........##.....#......
..........##.....#.#....
..........##.....#.#....
..........####.#.#.###..
#.#.#.<...#


You could see Grinder.

Vanquished Creatures
  2 adders (D:2)
  An ufetubus (D:3)
  A worm (D:2)
  A bat (D:2)
  5 endoplasms
  2 giant cockroaches
  6 goblins
  3 hobgoblins
  4 kobolds
  3 quokkas (D:1)
  3 ball pythons
31 creatures vanquished.

Notes
Turn   | Place    | Note
-------+----------+-------------------------------------------
     0 | D:1      | chunkyMonkey the Formicid Transmuter began the quest for
                  | the Orb.
     0 | D:1      | Reached XP level 1. HP: 15/15 MP: 3/3
   255 | D:1      | Reached XP level 2. HP: 21/21 MP: 3/5
   308 | D:1      | Found a faded altar of an unknown god.
   945 | D:1      | Learned a level 2 spell: Wereblood
  1373 | D:2      | Reached XP level 3. HP: 24/26 MP: 4/6
  1505 | D:2      | Reached skill level 1 in Armour
  1832 | D:2      | Learned a level 3 spell: Spider Form
  2443 | D:2      | Reached XP level 4. HP: 33/33 MP: 7/7
  2484 | D:2      | Noticed Sigmund
  2497 | D:2      | You fall into a shaft and drop 2 floors!
  2968 | D:3      | Noticed Grinder
  2979 | D:3      | Slain by Grinder

Illustrated notes

Levels and vault maps discovered:
D:1:      sevenhm_arrival_forest_fort_small_3, layout_basic,
          shapermc_ecumenical_altar_acropolis
D:2:      layout_basic, uniq_sigmund
D:3:      corexii_shack_village, layout_basic, uniq_grinder
D:4:      layout_gridville, hex_tiny, cheibrodos_gnoll_hut, uniq_natasha

Skill      XL: |  1  2  3  4 |
---------------+-------------+-----
Armour         | 1 |  1.5
Dodging        | 2 |  2.0
Fighting       | 2 |  2.0
Unarmed Combat | |  3.4
Spellcasting   | |  2.5
Transmutations | |  2.8

Action                   |  1- 3 |  4- 6 || total
-------------------------+-------+-------++-------
Melee: Unarmed           |    85 |    17 ||   102
       Kick              |    16 |     2 ||    18
       Punch             |     3 |     1 ||     4
 Cast: Beastly Appendage |    33 |    11 ||    44
 Abil: Shaft Self        |       |     1 ||     1
Armor: Robe              |    36 |     5 ||    41
Dodge: Dodged            |    58 |    14 ||    72

Table legend: (Time is in decaauts)
 A = Elapsed time spent in this place.
 B = Non-inter-level travel time spent in this place.
 C = Inter-level travel time spent in this place.
 D = Time resting spent in this place.
 E = Time spent auto-exploring this place.
 F = Levels seen in this place.
 G = Mean time per level.
                   A        B        C        D        E       F      G
               +--------+--------+--------+--------+--------+-----+--------+
         Total |   2971 |   2959 |     12 |   1456 |   1130 |   4 |  742.8 |
       Dungeon |   2971 |   2959 |     12 |   1456 |   1130 |   4 |  742.8 |
               +--------+--------+--------+--------+--------+-----+--------+

Top non-repeatable levels by time:
     D:1: 1356 daAuts
     D:2: 1135 daAuts
     D:3: 254 daAuts
     D:4: 226 daAuts
